 Dungeon Crawl Stone Soup version 0.28-a0-1117-g0bdd5ba030 (webtiles) character file.

Game seed: 3421177221493456859

239 bande the Covered (level 6, -2/38 HPs)
             Began as a Gargoyle Fighter on Dec 12, 2021.
             Was an Initiate of Okawaru.
             Slain by an orc warrior (9 damage)
             ... on level 3 of the Dungeon.
             The game lasted 00:09:41 (4510 turns).

bande the Covered (Gargoyle Fighter)                Turns: 4510, Time: 00:09:42

Health: -2/38      AC: 11    Str: 20    XL:     6   Next: 7%
Magic:  0/6        EV:  7    Int:  8    God:    Okawaru [......]
Gold:   145        SH:  9    Dex: 13    Spells: 5/5 levels left

rFire   . . .      SeeInvis .   a - +1 war axe
rCold   . . .      Faith    .   o - +0 kite shield
rNeg    + . .      Spirit   +   b - +0 scale mail
rPois   ∞          Reflect  .   (no helmet)
rElec   +          Harm     .   (no cloak)
rCorr   .          Rampage  .   (no gloves)
Will    .....                   (no boots)
Stlth   ..........              i - amulet of guardian spirit
HPRegen 0.12/turn               (no ring)
MPRegen 0.10/turn               (no ring)

@: mighty
A: sickness immunity, AC +4, negative energy resistance 1, electricity
resistance, torment resistance 1, petrification resistance, agile 1, mutation
resistance 1
a: Renounce Religion


You were on level 3 of the Dungeon.
You worshipped Okawaru.
Okawaru was noncommittal.
You visited 2 branches of the dungeon, and saw 5 of its levels.

You collected 145 gold pieces.

Inventory:

Hand Weapons
 a - a +1 war axe (weapon)
 f - a +1 mace of protection
Missiles
 e - a throwing net (quivered)
Armour
 b - a +0 scale mail (worn)
 o - a +0 kite shield (worn)
Jewellery
 g - an amulet of the acrobat
 i - an amulet of guardian spirit (around neck)
Scrolls
 c - a scroll of identify
 n - a scroll of holy word
 q - a scroll of enchant weapon
Potions
 d - 2 potions of might
 h - a potion of curing
 j - a potion of cancellation
 k - a potion of magic
 l - a potion of invisibility {unknown}
 m - a potion of haste {unknown}
 p - a potion of degeneration {unknown}
 s - 2 potions of heal wounds {unknown}


   Skills:
 + Level 4.2 Fighting
 + Level 4.0 Axes
 + Level 4.4 Armour
 - Level 0.1 Dodging
 - Level 0.2 Stealth
 + Level 4.0 Shields


You had 5 spell levels left.
You didn't know any spells.
Your spell library contained the following spells:

 Spells                   Type           Power      Damage    Failure   Level
 Foxfire                  Conj/Fire      0%         2x1d4     99%         1
 Ensorcelled Hibernation  Hex/Ice        0%         N/A       100%        2
 Conjure Flame            Conj/Fire      0%         6-21      100%        3
 Inner Flame              Hex/Fire       0%         N/A       100%        3
 Spider Form              Tmut/Pois      0%         N/A       100%        3
 Flame Wave               Conj/Fire      0%         2d4       100%        4
 Eringya's Noxious Bog    Tmut/Pois      0%         N/A       100%        6
 Summon Forest            Summ/Tloc      Unusable   N/A       N/A         5
 Summon Hydra             Summ           Unusable   N/A       N/A         7

Dungeon Overview and Level Annotations

Branches:
Dungeon (4/15)             Temple (1/1) D:4

Altars:
Ashenzari
Cheibriados
Elyvilon
Fedhas
Hepliaklqana
Kikubaaqudgha
Nemelex Xobeh
Okawaru
Qazlal
Trog
Vehumet
Xom
Yredelemnul
Zin
The Shining One
Beogh

Shops:
D:1 (   D:3 ?

Annotations:
D:3 axecop's ghost, novice NaDe


Innate Abilities, Weirdness & Mutations

You are immune to sickness and miasma.
Your stone body is resilient. (AC +4)
You are immune to poison.
You resist negative energy. (rN+)
You are resistant to electric shocks. (rElec)
You are resistant to unholy torment.
You are immune to petrification.
You are agile. (Dex +2)
You are somewhat resistant to further mutation.


Message History

The orc warrior hits you with a +0 flail.
You block the orc warrior's attack.
There is a stone staircase leading up here.
You block axecop's ghost's attack.
The orc warrior hits you with a +0 flail!
You climb upwards.
There is a stone staircase leading down here.
You feel very mighty all of a sudden. You block axecop's ghost's attack.
The orc warrior closely misses you.
Unknown command.
You closely miss axecop's ghost. You closely miss the orc warrior.
Axecop's ghost hits you. You block the orc warrior's attack.
You barely miss axecop's ghost. You barely miss the orc warrior.
Axecop's ghost hits you.
The orc warrior hits you with a +0 flail.
Axecop's ghost barely misses you. The orc warrior closely misses you.
Unknown command.
You slice axecop's ghost!!
Axecop's ghost is moderately damaged.
You slash the orc warrior! You block axecop's ghost's attack.
The orc warrior hits you with a +0 flail!
* * * LOW HITPOINT WARNING * * *
Unknown command.
You closely miss axecop's ghost.
Axecop's ghost is moderately damaged.
You hit the orc warrior. Axecop's ghost barely misses you.
The orc warrior closely misses you.
Axecop's ghost hits you but does no damage.
You block the orc warrior's attack.
You slash axecop's ghost!
Axecop's ghost is heavily damaged.
You hit the orc warrior but do no damage.
Axecop's ghost hits you but does no damage.
You block the orc warrior's attack.
Unknown command.
You closely miss axecop's ghost.
Axecop's ghost is heavily damaged.
You slash the orc warrior! You block axecop's ghost's attack.
The orc warrior hits you with a +0 flail!
You die...

.##.##.# #.#..>.# #.# # .......#
####.##.#.# #.# # ###.####
#.........# ##'## #
###.######.#####.#.# ##...## #
#........#.# ##.#.# ##.....## #
#..#.###.#.# ##..#.###.......##
.....###.#.###...#.##.........###
................W[..'.........'..
....))####.###.o@#.##.........###
#.#)#!# #.###..##.###.......## #
###..)# #.........# ##.....## #
##.## #####.##### ##...## # #.#
#.# ##'## # #.# #.# ###### #.# #
#.# #.# #....# #.# # #.# #.#
#.##.###.#### # #.# #.#
#.##.##.....# #


You could see an orc warrior and axecop's ghost.

Vanquished Creatures
  A hound (D:4)
  An iguana (D:4)
  A hound skeleton (D:4)
  8 gnolls
  A white imp (D:4)
  8 orcs
  8 ball pythons
  7 endoplasms
  7 goblins
  14 hobgoblins
  6 jackals
  A quokka (D:1)
  2 bats
  5 frilled lizards
  6 kobolds
  6 rats
82 creatures vanquished.

Notes
Turn   | Place    | Note
-------+----------+-------------------------------------------
     0 | D:1      | bande the Gargoyle Fighter began the quest for the Orb.
     0 | D:1      | Reached XP level 1. HP: 14/14 MP: 1/1
   356 | D:1      | Reached XP level 2. HP: 19/19 MP: 2/2
   429 | D:1      | Found Yntetaoz's Weapon Shoppe.
   931 | D:1      | You fall into a shaft and drop 1 floor!
  1119 | D:2      | Reached XP level 3. HP: 23/23 MP: 3/3
  1386 | D:1      | Found a faded altar of an unknown god.
  1682 | D:2      | Identified a scroll of acquirement
  1682 | D:2      | Acquired an amulet of guardian spirit
  2125 | D:2      | Reached XP level 4. HP: 7/29 MP: 1/4
  2482 | D:3      | Found Naodagg's Magic Scroll Boutique.
  2620 | D:3      | Reached XP level 5. HP: 27/33 MP: 5/5
  2911 | D:3      | Gained mutation: You are somewhat resistant to further
                  | mutation. [potion of mutation]
  2911 | D:3      | Gained mutation: You are agile. (Dex +2) [potion of
                  | mutation]
  3825 | D:4      | Found a glowing silver altar of Zin.
  3864 | D:4      | Reached XP level 6. HP: 35/38 MP: 4/6
  3931 | D:4      | Found a staircase to the Ecumenical Temple.
  3954 | Temple   | Entered the Ecumenical Temple
  4257 | D:4      | Found a runed translucent gate.
  4259 | D:4      | Found a runed translucent gate.
  4259 | D:4      | Found a runed translucent gate.
  4260 | D:4      | Noticed an orc warrior
  4264 | D:4      | Identified the +9 chain mail "Akhafurr" {rF+ rCorr Stlth+}
  4266 | D:4      | Noticed axecop's ghost (novice NaDe)
  4342 | D:4      | Found an iron altar of Okawaru.
  4352 | D:4      | Became a worshipper of Warmaster Okawaru
  4510 | D:3      | Slain by an orc warrior

Illustrated notes

Levels and vault maps discovered:
D:1:      dpeg_arrival_refuge, layout_basic, serial_shops, shop,
          hellmonk_ecumenical_altar_run_dry, roderic_serpentine_path,
          minmay_misc_feat_roman, minivault_11
D:2:      minmay_general_purpose_star, layout_basic
D:3:      layout_loops_corners, serial_shops, shop
D:4:      layout_rooms, kennysheep_okawaru_gauntlet,
          nicolae_overflow_crystal_walls, minmay_temple_entry_statues_pillars,
          biasface_ghost_orc_armoury
Temple:   nicolae_temple_figure_eight

Skill      XL: |  1  2  3  4  5  6 |
---------------+-------------------+-----
Axes           | 2 3 4 |  4.0
Armour         | 4 |  4.4
Fighting       | 4 |  4.2
Shields        | 4 |  4.0
Dodging        | |  0.1
Stealth        | |  0.2

Action                   |  1- 3 |  4- 6 || total
-------------------------+-------+-------++-------
Melee: War axe           |   104 |   117 ||   221
  Use: Scroll            |     4 |    13 ||    17
       Potion            |       |     2 ||     2
Armor: Scale mail        |    69 |    68 ||   137
Dodge: Dodged            |    54 |    67 ||   121
Block: Buckler           |    34 |    34 ||    68
       Kite shield       |       |    20 ||    20

Table legend: (Time is in decaauts)
 A = Elapsed time spent in this place.
 B = Non-inter-level travel time spent in this place.
 C = Inter-level travel time spent in this place.
 D = Time resting spent in this place.
 E = Time spent auto-exploring this place.
 F = Levels seen in this place.
 G = Mean time per level.
                   A        B        C        D        E       F      G
               +--------+--------+--------+--------+--------+-----+--------+
         Total |   4596 |   4553 |     43 |    550 |   3195 |   5 |  919.2 |
       Dungeon |   4377 |   4351 |     26 |    550 |   3002 |   4 | 1094.2 |
        Temple |    219 |    202 |     17 |      0 |    193 |   1 |  219.0 |
               +--------+--------+--------+--------+--------+-----+--------+

Top non-repeatable levels by time:
     D:1: 1377 daAuts
     D:2: 1148 daAuts
     D:3: 965 daAuts
     D:4: 885 daAuts
  Temple: 219 daAuts
